Map: Ruby Rock LE

Players

GhostRobo - Winner!

  • Race: Terran Terran
  • Spawn Location: 11:00

Milena

  • Race: Terran Terran
  • League: Silver
  • Spawn Location: 5:00

VOD

Have the link to the VOD?

Description

Time

  • Played on: Dec. 11, 2025, 8:47 a.m.
  • Length: 11:05
Show
View Real Time Build Order
Export as new Build Order

GhostRobo Terran - Winner!

Build Orders:  

Get SALT Encoding   

  12  0:01  SCV  
  13  0:15  SCV  
  14  0:22  Supply Depot  
  14  0:27  SCV  
  15  0:43  SCV  
  15  0:49  Barracks  
  16  0:55  SCV  
  16  0:56  Refinery  
  17  1:08  SCV  
  18  1:38  Orbital Command  
  18  1:42  Command Center  
  18  1:44  Barracks Reactor  
  18  2:16  SCV  
  19  2:28  SCV  
  19  2:29  Marine x2  
  22  2:40  SCV  
  22  2:41  Refinery  
  23  2:53  Marine x2, SCV  
  23  2:57  Orbital Command  
  25  2:59  Supply Depot  
  25  3:05  SCV  
  25  3:11  Marine x2  
  28  3:13  Barracks  
  28  3:14  Barracks  
  28  3:18  SCV  
  29  3:25  SCV  
  30  3:29  Marine x2  
  30  3:30  SCV  
  33  3:34  Bunker  
  33  3:37  SCV  
  34  3:42  SCV  
  34  3:46  Supply Depot  
  34  3:47  Marine x2  
  37  3:49  SCV  
  37  3:54  SCV  
  39  4:01  SCV  
  40  4:04  Marine x2  
  40  4:06  SCV  
  43  4:10  Barracks Tech Lab  
  43  4:18  Barracks Tech Lab, SCV  
  43  4:21  SCV  
  43  4:22  Marine x2  
  47  4:29  Supply Depot  
  47  4:30  SCV  
  48  4:33  SCV  
  48  4:36  Factory  
  49  4:38  Marine  
  49  4:39  Marine  
  49  4:40  Marine x2  
  49  4:42  SCV  
  49  4:44  Combat Shield  
  54  4:46  Stimpack  
  54  4:51  Supply Depot, SCV  
  55  4:54  SCV  
  55  4:55  Supply Depot  
  55  4:57  Marauder x2  
  55  4:58  Marine  
  61  5:03  SCV  
  62  5:13  Marine, SCV  
  64  5:15  SCV  
  64  5:16  Supply Depot  
  64  5:18  Marauder  
  64  5:21  Supply Depot  
  67  5:22  Engineering Bay  
  67  5:24  Factory Reactor  
  67  5:25  SCV  
  67  5:27  SCV  
  67  5:28  Starport  
  69  5:36  Marine x3  
  69  5:39  Marine  
  73  5:45  Barracks  
  73  5:47  Barracks  
  73  5:53  Marine  
  73  5:54  Marauder  
  73  5:55  Marine  
  77  5:57  Marauder  
  79  6:11  Marine  
  79  6:13  Marine  
  79  6:16  Marauder  
  79  6:18  Marine  
  83  6:19  Factory Tech Lab  
  83  6:23  Supply Depot  
  83  6:24  Supply Depot  
  84  6:27  Concussive Shells  
  84  6:36  Marauder  
  84  6:37  Marauder  
  84  6:38  Medivac x2  
  92  6:44  Siege Tank  
  92  6:46  Refinery  
  95  6:47  Supply Depot  
  95  6:52  SCV x2, Refinery  
  97  7:04  SCV x2  
  97  7:05  Marine x2  
  97  7:07  Barracks Tech Lab, Barracks Reactor  
  97  7:08  Medivac x2, Marine  
  103  7:09  Marine  
  107  7:16  SCV  
  107  7:22  SCV  
  109  7:23  Marine  
  109  7:27  Marauder x2  
  109  7:28  SCV  
  115  7:34  SCV  
  116  7:40  SCV  
  116  7:42  Supply Depot  
  117  7:45  Supply Depot  
  117  7:46  SCV  
  117  7:48  Marauder x2  
  117  7:53  SCV  
  107  8:17  Missile Turret  
  107  8:18  Missile Turret  
  103  8:31  Marine x4  
  103  8:32  Marine x3  
  110  8:35  Terran Infantry Weapons Level 1  
  110  8:40  Siege Tank  
  113  8:44  Medivac x2  
  117  8:49  Marine x4  
  117  8:50  Marauder x2  
  125  8:56  Missile Turret  
  125  9:01  Supply Depot  
  125  9:06  Marine  
  126  9:10  Supply Depot  
  126  9:17  Supply Depot x2  
  126  9:20  Supply Depot  
  126  9:22  Marine x3, Siege Tank, Viking  
  134  9:25  Missile Turret  
  134  9:31  Marine, Viking  
  134  9:32  SCV, Marauder x2  
  144  9:38  SCV, Marauder  
  144  9:43  Marine x3  
  144  9:44  SCV  
  149  9:49  Marine  
  149  9:50  SCV  
  149  9:52  Viking  
  153  9:53  Marauder x2  
  153  9:54  Siege Tank  
  153  9:56  SCV  
  163  10:00  Marauder  
  163  10:02  SCV  
  161  10:08  SCV  
  144  10:15  Marauder x2  
  145  10:26  Marine x3  
  145  10:27  Marauder  
  150  10:29  Siege Tank  
  150  10:30  Viking x2  
  153  10:36  Marauder x2  
Show
View Real Time Build Order
Export as new Build Order

Milena Terran 

Build Orders:  

Get SALT Encoding   

  12  0:00  SCV  
  13  0:12  SCV  
  14  0:21  Supply Depot  
  14  0:32  SCV  
  15  0:36  Refinery  
  15  0:44  SCV  
  15  0:48  Barracks  
  16  0:56  SCV  
  17  1:08  SCV  
  18  1:20  SCV  
  19  1:32  SCV  
  20  1:38  Barracks Reactor  
  20  1:46  SCV  
  21  1:49  Command Center  
  21  1:58  SCV  
  22  2:04  Factory  
  22  2:10  SCV  
  23  2:16  Refinery  
  23  2:25  Supply Depot  
  23  2:33  Orbital Command  
  23  2:47  Marine  
  24  3:15  SCV  
  24  3:16  SCV  
  24  3:19  Hellion x2  
  30  3:27  Supply Depot, SCV  
  30  3:29  SCV  
  32  3:40  SCV  
  32  3:41  Barracks Tech Lab, SCV  
  33  3:43  Hellion x2  
  33  3:48  Starport  
  38  3:52  SCV  
  39  3:56  Supply Depot  
  39  3:57  SCV  
  40  4:11  Hellion  
  40  4:12  Hellion  
  40  4:15  SCV x2  
  46  4:25  Starport Tech Lab  
  46  4:29  Fusion Core  
  46  4:32  SCV  
  47  4:38  SCV  
  47  4:44  SCV  
  49  4:52  Hellion x2  
  53  4:54  Orbital Command  
  53  4:56  SCV  
  54  5:15  Engineering Bay  
  54  5:21  Battlecruiser  
  54  5:23  Factory  
  54  5:27  SCV x2, Refinery  
  62  5:30  Refinery  
  62  5:42  Supply Depot  
  62  5:46  Neosteel Armor  
  62  6:04  SCV x2, Hellion x2  
  62  6:05  Supply Depot  
  62  6:10  Supply Depot  
  68  6:14  Factory Tech Lab  
  68  6:16  SCV x2  
  70  6:38  Weapon Refit  
  70  6:40  Factory Tech Lab  
  70  6:42  Siege Tank  
  73  6:56  Armory, SCV x2  
  73  6:57  Armory, Engineering Bay  
  73  7:01  Siege Tank  
  78  7:15  Siege Tank  
  81  7:29  SCV x2  
  83  7:33  Siege Tank  
  86  8:47  Refinery  
  86  8:50  Command Center, Refinery  
  86  8:53  Supply Depot  
  86  8:57  Supply Depot  
  86  9:01  Supply Depot  
  86  9:02  Supply Depot  
  86  9:04  Supply Depot  
  86  9:05  Missile Turret  
  86  9:06  Missile Turret  
  86  9:15  SCV x2  
  88  9:26  Supply Depot  
  88  9:27  Supply Depot, SCV x2, Thor x2, Missile Turret x2  
  88  9:30  Supply Depot  
  102  9:38  Missile Turret  
  102  9:39  SCV x2  
  102  9:40  Missile Turret  
  102  9:41  Missile Turret  
  104  9:46  Starport  
  104  9:51  SCV x2  
  106  10:00  Missile Turret  
  106  10:02  Missile Turret  
  106  10:03  SCV x2  
  102  10:09  Missile Turret  
  78  10:15  SCV x2  
  77  10:27  SCV x2  
Tags
 
League
Silver
Matchup
TvT
Race
Terran
Spawn Locations
Cross Positions
Add a new tag
Caveats
  • Supply blocks, unpowered buildings, or Contaminate may cause inaccurate times.
  • Supply counts are checked every 10 seconds.